 Dungeon Crawl Stone Soup version 0.31.0-32-g396128a36d (webtiles) character file.

Game seed: 7661468710958133505

129 firemarshallily the Sneak (level 4, -4/37 HPs)
             Began as a Demigod Brigand on Apr 17, 2024.
             Slain by an iguana (5 damage)
             ... on level 4 of the Dungeon.
             The game lasted 00:05:20 (1747 turns).

firemarshallily the Sneak (Demigod Brigand)         Turns: 1747, Time: 00:05:21

Health: -4/37      AC:  3    Str: 12    XL:     4   Next: 58%
Magic:  6/6        EV: 12    Int: 13    God:
Gold:   168        SH:  0    Dex: 25    Spells: 3/3 levels left

rFire   . . .        a - +3 dagger
rCold   . . .        (no shield)
rNeg    . . .        b - +0 robe
rPois   .            (no helmet)
rElec   .            c - +0 cloak
rCorr   .            (no gloves)
SInv    .            (no boots)
Will    .....        s - amulet of magic regeneration
Stlth   +++          i - +6 ring of dexterity
HPRegen 0.26/turn    (no ring)
MPRegen 0.50/turn

%: no passive effects
@: no status effects
A: high MP 1, forlorn, divine attributes
a: no special abilities


You were on level 4 of the Dungeon.
You visited 1 branch of the dungeon, and saw 4 of its levels.

You collected 168 gold pieces.

Inventory:

Hand Weapons
 a - a +3 dagger (weapon)
Missiles
 d - 11 poisoned darts (quivered)
 e - 3 curare-tipped darts
Armour
 b - a +0 robe (worn)
 c - a +0 cloak (worn)
 q - the +1 robe of Zauwkaere {rF- rC+ Str+3}
   (You found it on level 2 of the Dungeon)

   Str+3:     It affects your strength (+3).
   rF-:       It makes you vulnerable to fire.
   rC+:       It protects you from cold.
 u - a +1 leather armour of positive energy
Jewellery
 i - a +6 ring of dexterity (left hand)
 s - an amulet of magic regeneration (around neck)
 t - a ring of wizardry
Scrolls
 g - a scroll of torment
 r - 2 scrolls of poison
Potions
 h - 2 potions of curing
 n - a potion of brilliance {unknown}
 o - a potion of cancellation {unknown}


   Skills:
 + Level 2.5 Fighting
 * Level 3.2 Short Blades
 - Level 1.7 Throwing
 - Level 0.8 Dodging
 * Level 4.7 Stealth


You had 3 spell levels left.
You didn't know any spells.
Your spell library contained the following spells:

 Spells                   Type           Power      Damage    Failure   Level
 Shock                    Conj/Air       0%         1d3       30%         1
 Hailstorm                Conj/Ice       0%         3d5       67%         3
 Summon Ice Beast         Ice/Summ       0%         N/A       67%         3
 Swiftness                Air            0%         N/A       67%         3
 Airstrike                Air            0%         2d(0-16)  97%         4
 Sculpt Simulacrum        Ice/Alch       0%         N/A       100%        6


Dungeon Overview and Level Annotations

Branches:
Dungeon (4/15)             Temple (0/1) D:4

Annotations:
D:3 Robin


Innate Abilities, Weirdness & Mutations

You have an increased reservoir of magic. (+10% MP)
You shall have no god before yourself.
Your divine heritage dramatically boosts your attributes as you level up.


Message History

The adder looks even sicker.
You closely miss the orc.
The orc is moderately wounded.
The orc hits you with a +0 hand axe. The orc barely misses you.
You hit the orc.
The orc is heavily wounded.
You feel a bit more experienced. The orc hits you with a +0 hand axe.
* * * LOW HITPOINT WARNING * * *
The orc hits you with a +0 dagger.
* * * LOW HITPOINT WARNING * * *
Unknown command.
Okay, then.
As you read the scroll labelled VELOOT YJERCHA, it crumbles to dust.
The creatures around you are filled with an inner flame!
It was a scroll of immolation.
You feel a bit more experienced. The orc hits you with a +0 hand axe.
* * * LOW HITPOINT WARNING * * *
The orc closely misses you.
Unknown command.
Blink to where?
Press: ? - help, Dir - move target A kobold and an orc come into view.
Found a scroll of torment, a +0 short sword and an adder corpse.
As you read the scroll labelled QIGUGR FEOWI, it crumbles to dust.
It was a scroll of blinking.
As you read the scroll labelled CUJAAPSOMOX, it dissolves into smoke.
It was a scroll of fog.
You feel a bit more experienced.
As you read the scroll labelled MIWKIA KAKHLE, it crumbles to dust.
It is a scroll of amnesia.
You feel forgetful for a moment.
The kobold shouts!
You hear a bark!
The orc shouts!
As you read the scroll labelled HERUONU NI OQO, it crumbles to dust.
You feel aware of your surroundings.
You sensed 2 altars.
It was a scroll of revelation.
The iguana closely misses you.
As you read the scroll labelled KEGGER KUILUROXE, it crumbles to dust.
It is a scroll of enchant weapon.
Your +2 dagger glows red for a moment.
The hound bites you.
* * * LOW HITPOINT WARNING * * *
The iguana bites you.
You die...

,**,,,,,,,,,,*,,,,,,,,,**,,,,,,,,
,,,,,,,,,...##..##......,,,,,,,,,
,,,,,,,,,......###......,,,,,,,**
,,,,,,,,,......###..........o,,*,
*,,,,,,,,..).......##.......,***,
*,,,,,,,,.....§§§..###.....,,,,*,
,,,,,,,,,.....§§§K§####...,,,,,,,
,,,,,,,,,.....§§§h§§##...,,>,,,,*
**,,,,,,,..#..§§@5o.##).,**,,,,,,
***,,,,,,..##.#l°.oo##.##**,,,,,,
,,,,,,,,,#..#..§.☼.....<# **,,,,,
,,,***,,,.......○○!..#### **,,**
**,,,,,,,...#..?.○○..### **,,**
,*,,,,,,,.............##****,,,*
,,,,,*,,,...#...........,,,*,,**
*,,,**,,,..##.†......#..,*,,,**
,,,***,,,,>,*,*#,,,,****,,,*****


You could see an iguana (poisoned), a hound, a shadow imp (inner flame), 3 orcs
and a kobold.

Vanquished Creatures
  An orc wizard (D:3)
  3 adders
  A ribbon worm (D:2)
  3 dart slugs
  7 orcs
  2 endoplasms (D:1)
  4 giant cockroaches
  9 goblins
  6 hobgoblins
  4 jackals (D:2)
  A quokka (D:3)
  2 ball pythons (D:1)
  5 bats
  4 frilled lizards (D:1)
  3 kobolds
  2 rats
57 creatures vanquished.

Notes
Turn   | Place    | Note
-------+----------+-------------------------------------------
     0 | D:1      | firemarshallily the Demigod Brigand began the quest for the
                  | Orb.
     0 | D:1      | Reached XP level 1. HP: 17/17 MP: 3/3
   197 | D:1      | Reached XP level 2. HP: 22/24 MP: 4/4
   453 | D:1      | Reached skill level 4 in Stealth
   892 | D:2      | Reached XP level 3. HP: 10/29 MP: 5/5
  1018 | D:2      | Identified the +1 robe of Zauwkaere {rF- rC+ Str+3}
  1559 | D:3      | Reached XP level 4. HP: 19/37 MP: 6/6
  1712 | D:3      | Identified the +1 helmet of the Kettle-Drum {+Blink rF+ rN+
                  | Int-4}
  1712 | D:3      | Noticed Robin
  1747 | D:4      | HP: 1/37 [hound (4)]
  1747 | D:4      | Slain by an iguana

Illustrated notes

Levels and vault maps discovered:
D:1:      dpeg_arrival_fog, layout_loops_cross, minmay_lizard_pond
D:2:      layout_rooms, basic_altar, minmay_tetromino_i4
D:3:      layout_basic, shapermc_ecumenical_altar_pompeii,
          hangedman_decor_clover_reticule, interstate_on_off,
          minmay_fractal_squares_5, uniq_robin
D:4:      layout_cave_pools, mainiacjoe_overflow_large_starburst,
          minmay_temple_entry_offerings, uniq_pikel

Skill      XL: |  1  2  3  4 |
---------------+-------------+-----
Short Blades   | 2 3 |  3.2
Fighting       | 2 |  2.5
Stealth        | 4 |  4.7
Throwing       | |  1.7
Dodging        | |  0.8

Action                     |  1- 3 |  4- 6 || total
---------------------------+-------+-------++-------
  Melee: Dagger            |   134 |    35 ||   169
         Punch             |     2 |     1 ||     3
    Use: Potion            |     3 |     1 ||     4
         Scroll            |       |     9 ||     9
   Stab: Sleeping          |    14 |       ||    14
 Armour: Robe              |    67 |    37 ||   104
  Dodge: Dodged            |    64 |    30 ||    94
